 Dungeon Crawl Stone Soup version 0.16.2-2-g470672f (webtiles) character file.

252 CrazyArbalest the Bolt Thrower (level 5, -5/42 HPs)
             Began as a Centaur Hunter on Aug 22, 2015.
             Killed by divine providence
             ... invoked by an orc priest
              (9 damage)
             ... on level 3 of the Dungeon.
             The game lasted 00:17:12 (4092 turns).

CrazyArbalest the Bolt Thrower (Centaur Hunter)     Turns: 4092, Time: 00:17:12

Health: -5/42      AC:  5    Str: 15    XL:     5   Next: 89%
Magic:  4/4        EV:  9    Int: 10    God:
Gold:   239        SH:  0    Dex: 10    Spells: 0 memorised, 4 levels left

rFire  . . .     SeeInvis .     a - +0 morningstar
rCold  . . .     Clarity  .     e - +0 ring mail
rNeg   . . .     SustAb   .     (no shield)
rPois  .         Gourm    .     (no helmet)
rElec  .         Spirit   .     (no cloak)
rCorr  .         Warding  .     (no gloves)
rMut   .         Stasis   .     (no barding)
MR     .....                    (no amulet)
Stlth  ..........               (no ring)
                                (no ring)

@: very quick, not resistant to hostile enchantments, extremely unstealthy
A: hooves 3, deformed body, speed 2, tough skin 3
a: no special abilities


You were on level 3 of the Dungeon.
You were not hungry.

You visited 1 branch of the dungeon, and saw 4 of its levels.

You collected 239 gold pieces.

Inventory:

Hand weapons
 a - a +0 morningstar (weapon)
 b - a +1 hand crossbow
 g - a +0 whip
 i - a +0 whip
 v - a +0 mace
 y - a +0 whip
Missiles
 c - 12 bolts
Armour
 d - a +0 leather armour
 e - a +0 ring mail (worn)
 x - a +0 ring mail
 D - a +2 robe of positive energy
Magical devices
 A - a wand of slowing (27)
Scrolls
 j - a scroll of enchant weapon {unknown}
 k - 2 scrolls of immolation {unknown}
 l - 5 scrolls of identify {unknown}
 n - 3 scrolls of amnesia {unknown}
 p - a scroll of noise {unknown}
 r - a scroll of enchant armour {unknown}
 z - a scroll of teleportation {unknown}
 B - a scroll of remove curse {unknown}
Potions
 h - 2 potions of magic {unknown}
 o - a potion of cure mutation {unknown}
 q - 2 potions of curing {unknown}
 s - a potion of restore abilities {unknown}
 t - a potion of poison {unknown}
 u - a potion of agility {unknown}
 C - a potion of brilliance {unknown}
Comestibles
 f - 2 bread rations
 m - 2 meat rations
 w - a beef jerky


   Skills:
 + Level 2.7 Fighting
 + Level 1.9 Maces & Flails
 * Level 5.7 Crossbows
 + Level 1.6 Armour
 + Level 2.3 Dodging
 + Level 0.6 Stealth


You had 4 spell levels left.
You didn't know any spells.

Dungeon Overview and Level Annotations

Branches:
Dungeon (4/15)
 Temple: D:4-7

Altars:


Innate Abilities, Weirdness & Mutations

You have hooves in place of feet.
Armour fits poorly on your strangely shaped body.
You cover ground very quickly.
You have extremely tough skin (AC +3).


Message History

The orc priest is severely wounded.
The orc priest closely misses you.
All of the chunks of flesh in your inventory have rotted away.
You hit the orc priest but do no damage.
The orc priest is severely wounded.
The orc priest hits you but does no damage.
The orc priest barely misses you.
You hit the orc priest but do no damage.
The orc priest is severely wounded.
The orc priest hits you with a club.
* * * LOW HITPOINT WARNING * * *
You completely miss the orc priest. Your kick misses the orc priest.
The orc priest is severely wounded.
The orc priest barely misses you.
You barely miss the orc priest.
You kick the orc priest, but do no damage.
The orc priest is severely wounded.
The orc priest calls down the wrath of Beogh upon you.
Something smites you!
You die...

#####.....######.#.#.# #.# #####
#..................#.###.#######
#.####.#########.........##.....
#.# #.# #.....##..##.#### #.#
#.# #.######..##.#### #.# #.#
#.# #.......... #.# #.# ######.#
#...##.#### #.# #.####...o..#
#...##.# #.# #.........@.#
#...##.# #.#########......#
#...##.# #......# #.....##
#...##.# #..###.#
#.....######......# #..# #.#
#..............##.# ##.###.#
###.########.####.# #.....# #.#
#.# #.# ###.### #.# #.####.####
#.# ####.# #..........


You could see an orc priest.

Vanquished Creatures
  An orc priest (D:3)
  3 orc wizards
  A hound skeleton (D:4)
  5 adders
  A worm (D:4)
  2 giant geckos
  An ooze (D:1)
  5 orcs
  2 ball pythons (D:1)
  13 bats
  A giant cockroach (D:4)
  10 hobgoblins
  6 jackals
  9 kobolds
  A quokka (D:4)
  A giant newt (D:1)
  6 goblins
  6 rats
74 creatures vanquished.

Notes
Turn   | Place    | Note
--------------------------------------------------------------
     0 | D:1      | CrazyArbalest, the Centaur Hunter, began the quest for the Orb.
     0 | D:1      | Reached XP level 1. HP: 17/17 MP: 1/1
   231 | D:1      | Reached XP level 2. HP: 24/24 MP: 2/2
  1075 | D:2      | Reached XP level 3. HP: 29/29 MP: 3/3
  1122 | D:2      | Reached skill level 5 in Crossbows
  1560 | D:2      | Reached skill level 1 in Maces & Flails
  1883 | D:2      | Reached XP level 4. HP: 37/37 MP: 3/3
  2206 | D:3      | Reached skill level 1 in Armour
  2210 | D:3      | Noticed an orc warrior
  2422 | D:3      | Reached XP level 5. HP: 29/42 MP: 4/4
  4092 | D:3      | Killed from afar by an orc priest

Action                   |  1- 3 |  4- 6 || total
-------------------------+-------+-------++-------
Melee: Whip              |    21 |       ||    21
       Short sword       |     4 |       ||     4
       Mace              |   116 |    24 ||   140
       Morningstar       |       |    86 ||    86
 Fire: Hand crossbow     |     9 |    31 ||    40
  Eat: Chunk             |     3 |     5 ||     8
